 Dungeon Crawl Stone Soup version 0.22-a0-284-g99d1f74 (webtiles) character file.

96 mhoghedin the Skirmisher (level 4, -1/40 HPs)
             Began as a Ghoul Warper on Mar 20, 2018.
             Slain by a gnoll
             ... wielding a +1 whip of electrocution
              (19 damage)
             ... on level 2 of the Dungeon.
             The game lasted 00:04:05 (2645 turns).

mhoghedin the Skirmisher (Ghoul Warper)             Turns: 2645, Time: 00:04:06

Health: -1/40      AC:  3    Str: 14    XL:     4   Next: 67%
Magic:  5/5        EV: 11    Int:  8    God:
Gold:   58         SH:  0    Dex:  9    Spells: 6/6 levels left

rFire    . . .     SeeInvis .     - Unarmed
rCold    + . .     Gourm    .   (no shield)
rNeg     + + +     Faith    .   a - +0 leather armour
rPois    ∞         Spirit   .   (no helmet)
rElec    .         Reflect  .   (no cloak)
rCorr    .         Harm     .   (no gloves)
MR       .....                  (no boots)
Stlth    +.........             (no amulet)
HPRegen  0.00/turn              (no ring)
MPRegen  0.09/turn              (no ring)

@: rotting
A: rotting body, claws 1, carnivore, cold resistance 1, negative energy
resistance 3, inhibited regeneration, torment resistance, unbreathing
a: no special abilities


You were on level 2 of the Dungeon.
You were not hungry.

You visited 1 branch of the dungeon, and saw 2 of its levels.

You collected 58 gold pieces.

Inventory:

Missiles
 d - 5 tomahawks of dispersal {=f}
Armour
 a - a +0 leather armour (worn)
 b - a cursed +0 helmet
   (You took it off Robin on level 1 of the Dungeon)
Wands
 j - a wand of polymorph (13)
   (You took it off Robin on level 1 of the Dungeon)
Scrolls
 c - a scroll of blinking {!r}
 h - 5 scrolls of identify
 k - a scroll of remove curse
 l - a scroll of enchant armour {unknown}
 m - 2 scrolls of fog
Potions
 e - a potion of degeneration {unknown}
 i - 2 potions of flight
Comestibles
 f - 3 rations
 g - a chunk of flesh {@w0}


   Skills:
 + Level 4.0 Fighting
 - Level 0.8 Throwing
 - Level 0.8 Armour
 - Level 1.7 Dodging
 + Level 3.9 Unarmed Combat
 - Level 1.7 Spellcasting
   Level 2.6 Translocations


You had 6 spell levels left.
You didn't know any spells.

Dungeon Overview and Level Annotations

Branches:
Dungeon (2/15)

Altars:
Ashenzari


Innate Abilities, Weirdness & Mutations

Your body is rotting away.
You thrive on raw meat.
You are immune to poison.
You have sharp fingernails.
You are carnivorous and can eat meat at any time.
Your flesh is cold resistant. (rC+)
You are immune to negative energy. (rN+++)
You do not regenerate when monsters are visible.
You are immune to unholy pain and torment.
You can survive without breathing.


Message History

A jackal comes into view.
A jackal is nearby!
The jackal barks!
A jackal and a gnoll come into view.
The jackal barks!
The gnoll shouts!
You hear a shout!
A gnoll comes into view. It is wielding a spear.
The gnoll shouts!
The jackal bites you but does no damage.
A gnoll comes into view. It is wielding a whip of electrocution.
You scratch the jackal but do no damage.
The jackal bites you but does no damage.
The gnoll hits you from afar with a spear.
The jackal closely misses you. The gnoll closely misses you.
The gnoll moves out of view.
You take 3 damage, and have 37/40 hp.
You scratch the jackal. The jackal barely misses you. The gnoll misses you.
The gnoll hits you from afar with a spear.
You closely miss the jackal. The jackal closely misses you.
The jackal bites you.
The jackal bites you but does no damage.
You take 5 damage, and have 32/40 hp.
You scratch the jackal. The jackal barely misses you.
The gnoll hits you from afar with a spear.
The jackal bites you but does no damage.
The jackal barely misses you.
You take 4 damage, and have 28/40 hp.
You closely miss the jackal. The jackal bites you.
The jackal bites you but does no damage.
You take 2 damage, and have 26/40 hp.
You completely miss the jackal. The jackal barely misses you. x2
The gnoll hits you from afar with a spear.
The jackal closely misses you.
You are too injured to fight recklessly!
You take 4 damage, and have 22/40 hp.
You are too injured to fight recklessly!
You are too injured to fight recklessly!
You are too injured to fight recklessly!
You are too injured to fight recklessly!
You are too injured to fight recklessly!
You are too injured to fight recklessly!
You are too injured to fight recklessly!
You are too injured to fight recklessly!
You are too injured to fight recklessly!
You are too injured to fight recklessly!
You are too injured to fight recklessly!
Unknown command.
The jackal closely misses you.
Eat one of 4 chunks of flesh {@w0}? (ye/n/q)
You eat one of the 4 chunks of flesh {@w0}.
This raw flesh tastes great!
The gnoll barely misses you.
The jackal bites you but does no damage.
You regained 2 hp, and now have 24/40 hp.
The jackal bites you but does no damage.
Eat one of 3 chunks of flesh {@w0}? (ye/n/q)
You eat one of the 3 chunks of flesh {@w0}.
This raw flesh tastes great!
The jackal bites you. The jackal barely misses you.
You regained 6 hp, and now have 30/40 hp.
Eat one of 2 chunks of flesh {@w0}? (ye/n/q)
You eat one of the 2 chunks of flesh {@w0}.
This raw flesh tastes great!
The jackal bites you.
You regained 3 hp, and now have 33/40 hp.
You closely miss the jackal.
The jackal bites you but does no damage. x2
You closely miss the jackal. The jackal bites you.
You take 1 damage, and have 32/40 hp.
You barely miss the jackal.
The jackal bites you but does no damage.
You closely miss the jackal. The jackal closely misses you.
The jackal barely misses you.
You completely miss the jackal. The jackal barely misses you.
You scratch the jackal but do no damage.
The jackal barely misses you.
You barely miss the jackal.
The jackal bites you but does no damage.
The jackal barely misses you.
You scratch the jackal but do no damage.
The jackal bites you but does no damage.
You miss the jackal.
The jackal bites you but does no damage.
You barely miss the jackal. The jackal bites you.
You take 3 damage, and have 29/40 hp.
You scratch the jackal but do no damage.
The jackal misses you.
The jackal bites you but does no damage.
You closely miss the jackal. The jackal barely misses you.
You scratch the jackal. The jackal barely misses you.
You scratch the jackal but do no damage.
The jackal barely misses you. x2
You closely miss the jackal. The jackal closely misses you.
You scratch the jackal.
You kill the jackal!
You closely miss the gnoll. The gnoll barely misses you.
The gnoll hits you from afar with a spear!
You take 7 damage, and have 22/40 hp.
Aim: a gnoll, wielding a whip of electrocution (chance to defeat MR: 54%)
The gnoll resists with significant effort.
The gnoll hits you with a whip of electrocution.
You are electrocuted!
You die...

.#.#.......##...##
...........###.#####
.#.#.......#.......#
##'###...###.#.###.# #...##...#
#...# #.##### # .....#####
#.### #.##.. .# ......## ##.##
#.##.# ..##
..)....####...####.##.###....##
...<...'.(((....@gggh..........
.......#.##..).#########....##.
......##.###.#.# ##..#
.....###.# #.#.# .# #...## #.#
#.#.# # ##+#####.###.#.#
#.........#.#.# #..####.......#
##..######.#.###


You could see 3 gnolls and a jackal.

Vanquished Creatures
  Robin (D:1)
  2 oozes
  A worm (D:2)
  2 dart slugs (D:1)
  5 leopard geckos (D:1)
  A ball python (D:1)
  A giant cockroach (D:1)
  15 goblins
  9 hobgoblins
  4 jackals
  8 kobolds
  2 bats (D:1)
  3 frilled lizards (D:1)
  5 rats
59 creatures vanquished.

Notes
Turn   | Place    | Note
-------+----------+-------------------------------------------
     0 | D:1      | mhoghedin the Ghoul Warper began the quest for the Orb.
     0 | D:1      | Reached XP level 1. HP: 17/17 MP: 2/2
    27 | D:1      | Reached XP level 2. HP: 15/25 MP: 3/3
   609 | D:1      | Reached skill level 3 in Fighting
   609 | D:1      | Reached skill level 3 in Unarmed Combat
   757 | D:1      | Reached XP level 3. HP: 31/31 MP: 4/4
  1499 | D:1      | Found a shattered altar of Ashenzari.
  1753 | D:2      | Noticed Robin
  1774 | D:1      | HP: 6/31 [kobold/dagger (3)]
  2009 | D:1      | Reached XP level 4. HP: 26/38 MP: 5/5
  2182 | D:1      | Killed Robin
  2523 | D:2      | Reached skill level 4 in Fighting
  2645 | D:2      | Slain by a gnoll

Vault maps used:
D:1:      nzn_arrival_settlement, minivault_24, st_stairs_1, glass_columns_a,
          minmay_misc_feat_nine_boxes, nicolae_ashenzari_panopticon
D:2:      kennysheep_slug_shrine, uniq_robin

Skill      XL: |  1  2  3  4 |
---------------+-------------+-----
Fighting       | 3 4 |  4.0
Unarmed Combat | 3 |  3.9
Throwing       | |  0.8
Armour         | |  0.8
Dodging        | |  1.7
Spellcasting   | |  1.7
Translocations | |  2.6

Action                   |  1- 3 |  4- 6 || total
-------------------------+-------+-------++-------
Melee: Mace              |   149 |       ||   149
       Punch             |     1 |     1 ||     2
       Unarmed           |       |    81 ||    81
Evoke: Wand              |       |     1 ||     1
  Use: Scroll            |     3 |       ||     3
  Eat: Chunk             |     5 |     8 ||    13
Armor: Leather armour    |    53 |    28 ||    81
Dodge: Dodged            |   148 |    52 ||   200

Table legend:
 A = Spawn XP
 B = Non-spawn XP
 C = Spawn XP percentage of total XP
 D = Spawn monster count
 E = Non-spawn monster count
 F = Spawn count percentage of total count
 G = Total turns spent on level
                    A         B        C        D         E        F      G
               +---------+---------+-------+---------+---------+-------+---------
         Total |       0 |     138 |   0.0 |       0 |      59 |   0.0 |  2645
               +---------+---------+-------+---------+---------+-------+---------
           D:1 |       0 |     107 |   0.0 |       0 |      46 |   0.0 |  2165
           D:2 |       0 |      31 |   0.0 |       0 |      13 |   0.0 |   480
               +---------+---------+-------+---------+---------+-------+---------

Vault maps used:
D:1:      nzn_arrival_settlement, minivault_24, st_stairs_1, glass_columns_a,
          minmay_misc_feat_nine_boxes, nicolae_ashenzari_panopticon
D:2:      kennysheep_slug_shrine, uniq_robin

Table legend:
 A = Turns spent in this place as a percentage of turns spent in the entire game.
 B = Non-inter-level travel turns spent in this place as a percentage of non-inter-level travel turns spent in the entire game.
 C = Inter-level travel turns spent in this place as a percentage of turns spent in this place.
 D = Turns resting spent in this place as a percentage of non-inter-level travel turns spent in this place.
 E = Turns spent auto-exploring this place as a percentage of non-inter-level travel turns spent in this place.
 F = Non-inter-level travel turns spent in this place divided by the number of levels of this place that you've seen.
                   A       B       C       D       E      F
               +-------+-------+-------+-------+-------+----------------------
         Total | 100.0 | 100.0 |   1.0 |  45.5 |  35.5 | 1309.5
       Dungeon | 100.0 | 100.0 |   1.0 |  45.5 |  35.5 | 1309.5
               +-------+-------+-------+-------+-------+----------------------

Table legend:
 A = Kills in this place as a percentage of kills in entire the game.
 B = Kills by you in this place as a percentage of kills by you in the entire game.
 C = Kills by friends in this place as a percentage of kills by friends in the entire game.
 D = Other kills in this place as a percentage of other kills in the entire game.
 E = Experience gained in this place as a percentage of experience gained in the entire game.
 F = Experience gained in this place divided by the number of levels of this place that you have seen.
                   A       B       C       D       E      F
               +-------+-------+-------+-------+-------+----------------------
         Total | 100.0 | 100.0 |   N/A |   N/A | 100.0 |  69.0
       Dungeon | 100.0 | 100.0 |   N/A |   N/A | 100.0 |  69.0
               +-------+-------+-------+-------+-------+----------------------
